 Dungeon Crawl Stone Soup version 0.28.0 (webtiles) character file.

Game seed: 1646465263292373122

7 trckry the Skirmisher (level 2, 0/19 HPs)
             Began as a Gargoyle Cinder Acolyte on Feb 9, 2022.
             Was a High Priest of Ignis.
             Slain by an adder (3 damage)
             ... on level 3 of the Dungeon.
             The game lasted 00:01:54 (637 turns).

trckry the Skirmisher (Gargoyle Cinder Acolyte)      Turns: 637, Time: 00:01:55

Health: 0/19       AC:  4    Str: 17    XL:     2   Next: 4%
Magic:  3/3        EV: 11    Int: 14    God:    Ignis [*****.]
Gold:   48         SH:  0    Dex:  5    Spells: 3/3 levels left

rFire   + . .      SeeInvis .   a - -1 mace (flame)
rCold   . . .      Faith    .   (no shield)
rNeg    + . .      Spirit   .   b - +0 robe
rPois   ∞          Reflect  .   (no helmet)
rElec   +          Harm     .   (no cloak)
rCorr   .          Rampage  .   (no gloves)
Will    .....                   (no boots)
Stlth   +.........              (no amulet)
HPRegen 0.06/turn               (no ring)
MPRegen 0.08/turn               (no ring)

@: no status effects
A: sickness immunity, AC +2, negative energy resistance 1, electricity
resistance, torment resistance 1, petrification resistance
a: Renounce Religion, Fiery Armour, Foxfire Swarm, Rising Flame


You were on level 3 of the Dungeon.
You worshipped Ignis.
Ignis was extremely pleased with you.
You visited 1 branch of the dungeon, and saw 3 of its levels.

You collected 48 gold pieces.

Inventory:

Hand Weapons
 a - a -1 mace of flaming (weapon)
Armour
 b - a +0 robe (worn)


   Skills:
 + Level 3.4 Fighting
 + Level 3.1 Maces & Flails
 + Level 1.2 Spellcasting
 + Level 3.1 Fire Magic


You had 3 spell levels left.
You didn't know any spells.
Your spell library contained the following spells:

 Spells                   Type           Power      Damage    Failure   Level
 Scorch                   Fire           18%        2d5       11%         2


Dungeon Overview and Level Annotations

Branches:
Dungeon (3/15)

Altars:


Innate Abilities, Weirdness & Mutations

You are immune to sickness and miasma.
Your stone body is resilient. (AC +2)
You are immune to poison.
You resist negative energy. (rN+)
You are resistant to electric shocks. (rElec)
You are resistant to unholy torment.
You are immune to petrification.


Message History

The adder closely misses you.
Found 8 gold pieces.
The adder barely misses you. The adder bites you.
A frilled lizard comes into view.
The frilled lizard hisses angrily.
The adder bites you.
* * * LOW HITPOINT WARNING * * *
The frilled lizard misses you. The frilled lizard closely misses you.
The adder bites you but does no damage. The adder closely misses you.
The adder closely misses you. The adder bites you but does no damage.
The adder misses you. The adder misses you.
The adder bites you but does no damage.
The adder barely misses you. 2 hobgoblins and 3 goblins come into view.
Found 4 poisoned darts.
The goblin shouts! x2; The hobgoblin shouts! x2
A goblin comes into view. It is wielding a +0 club. x2
The hobgoblin moves out of view.
The goblin shouts! x2; You hear a shout!
A hobgoblin comes into view.
You hear a shout!
The hobgoblin hits you.
* * * LOW HITPOINT WARNING * * *
A goblin comes into view. It is wielding a +0 dagger.
The adder barely misses you. The goblin hits you with a +0 club.
* * * LOW HITPOINT WARNING * * *
The goblin hits you but does no damage. The goblin closely misses you.
The goblin barely misses you. The adder bites you but does no damage.
The adder barely misses you.
Found a scroll labelled RUDGHYXT HIUQYL.
The adder bites you but does no damage.
An endoplasm comes into view.
The endoplasm quivers.
The adder barely misses you. The adder bites you.
You die...

#+# #.#
######.######
....?.J.S@..#
####...###.#
#.....# #
##.S.## ##.##
#.# #l# #g#
#.#


You could see an adder and an endoplasm.

Vanquished Creatures
  A giant cockroach (D:1)
  3 hobgoblins
  A bat (D:1)
  A frilled lizard (D:1)
  A rat (D:3)
7 creatures vanquished.

Notes
Turn   | Place    | Note
-------+----------+-------------------------------------------
     0 | D:1      | trckry the Gargoyle Cinder Acolyte began the quest for the
                  | Orb.
     0 | D:1      | Reached XP level 1. HP: 14/14 MP: 2/2
   361 | D:1      | Found a faded altar of an unknown god.
   540 | D:3      | Reached XP level 2. HP: 17/19 MP: 3/3
   621 | D:3      | HP: 2/19 [goblin[Robin] (2)]
   637 | D:3      | Slain by an adder

Illustrated notes

Levels and vault maps discovered:
D:1:      nicolae_arrival_somewhat_less_tricky_arrival, layout_basic,
          shapermc_ecumenical_altar_mp_ritualfount, due_unseen_surprise
D:2:      layout_loops_ring, st_stairs_12
D:3:      layout_loops_corners, mainiacjoe_overflow_surrounded_room,
          corexii_shack, uniq_robin

Action                   || total
-------------------------++-------
Melee: Mace              ||    20
Armor: Robe              ||    24
Dodge: Dodged            ||    41
